Map: Dusk Towers

Players

Miszu - Winner!

  • Race: Terran Terran
  • League: Master

llllllllllll

  • Race: Protoss Protoss
  • League: Master

VOD

Have the link to the VOD?

Description

Time

  • Played on: April 26, 2016, 12:21 p.m.
  • Length: 12:40
Show
View Real Time Build Order
Export as new Build Order

Miszu Terran - Winner!

Build Orders: Command Center First (CC), MMM Bio 

Get SALT Encoding   

  12  0:00  SCV  
  13  0:13  SCV  
  14  0:18  Supply Depot  
  14  0:25  SCV  
  15  0:39  SCV  
  16  0:51  SCV  
  17  0:59  Command Center  
  17  1:03  SCV  
  18  1:15  SCV  
  18  1:17  Barracks  
  19  1:28  SCV  
  19  1:30  Barracks  
  20  1:40  SCV  
  20  1:46  Barracks  
  21  1:52  SCV  
  22  2:11  Orbital Command  
  22  2:13  Marine  
  23  2:20  Marine  
  24  2:23  Orbital Command  
  24  2:31  Marine  
  24  2:35  Marine  
  26  2:37  Marine  
  26  2:38  SCV  
  26  2:41  Refinery  
  26  2:42  Refinery  
  28  2:49  Marine  
  28  2:50  SCV  
  30  2:53  Marine  
  30  2:55  Marine  
  30  2:57  SCV  
  33  3:06  Marine  
  33  3:10  SCV  
  33  3:11  Marine  
  33  3:12  SCV  
  37  3:13  Marine  
  38  3:21  Supply Depot  
  38  3:33  Supply Depot  
  38  3:34  Barracks Tech Lab  
  38  3:35  Barracks Reactor  
  38  3:36  Barracks Tech Lab, SCV  
  38  3:43  Bunker  
  38  3:45  Supply Depot  
  38  3:49  SCV x2  
  40  4:01  SCV x2  
  42  4:07  Marine, Marauder  
  42  4:08  Stimpack  
  45  4:11  Factory, Refinery  
  45  4:13  SCV x2  
  47  4:23  Marine  
  47  4:24  Engineering Bay, Marine  
  46  4:25  SCV x2  
  45  4:34  Marine x2  
  45  4:38  SCV x2  
  49  4:44  Marine  
  49  4:50  SCV x2  
  51  4:53  Missile Turret  
  51  4:55  Missile Turret  
  51  4:58  Marine  
  52  5:02  SCV x2  
  50  5:14  SCV x2  
  50  5:16  Starport, Factory Reactor  
  50  5:17  Marine  
  50  5:20  Marine x2  
  54  5:24  Marine  
  54  5:26  SCV x2  
  57  5:30  Combat Shields  
  57  5:33  Supply Depot  
  57  5:36  Terran Infantry Weapons Level 1  
  57  5:38  SCV x2  
  57  5:50  SCV x2  
  57  5:52  Marine  
  57  5:53  Marauder  
  62  5:59  Factory Reactor  
  62  6:00  Barracks  
  62  6:01  Barracks  
  62  6:08  Medivac x2, SCV x2  
  68  6:13  Marine, Refinery  
  69  6:20  Supply Depot, SCV  
  69  6:22  Supply Depot  
  70  6:30  Supply Depot  
  70  6:41  Marine x2, Marauder, Widow Mine, SCV x2  
  78  6:51  Marauder  
  78  6:52  Barracks Reactor, Barracks Tech Lab  
  78  6:53  SCV x2  
  82  6:56  Medivac  
  82  6:57  Medivac  
  86  7:02  Supply Depot  
  86  7:07  Marauder  
  88  7:08  Widow Mine  
  88  7:12  Marauder x2  
  94  7:23  Marine x2  
  94  7:26  Medivac  
  94  7:27  Medivac  
  94  7:28  Marauder  
  102  7:30  Terran Infantry Armor Level 1  
  102  7:41  Command Center  
  102  8:13  Supply Depot  
  102  8:14  Marine x6  
  102  8:15  Marauder  
  102  8:16  Supply Depot x2  
  110  8:35  Medivac x2, Marauder x2  
  110  8:36  Supply Depot, Missile Turret  
  110  8:37  Marine x2, Widow Mine x2, SCV x2  
  110  8:38  Marauder  
  127  8:53  Marine x2  
  129  8:57  Marauder x2  
  129  8:59  Marauder  
  135  9:04  Orbital Command  
  135  9:05  Medivac, Widow Mine  
  135  9:18  Marauder x2  
  135  9:21  Marauder  
  135  9:22  Widow Mine  
  143  9:32  Marine x3  
  143  9:33  Marine  
  143  9:34  Widow Mine  
  149  9:39  Marauder x2  
  149  9:42  Marauder  
  150  9:50  Marine x2  
  148  10:01  Marauder x2  
  148  10:04  Marauder  
  145  10:10  Marine x2  
  145  10:11  Marine, Medivac x2  
  145  10:12  Marine  
  149  10:21  Engineering Bay  
  149  10:22  Marauder x2  
  149  10:24  Armory  
  149  10:25  Marauder  
  149  10:28  Marine x2  
  157  10:38  Liberator  
  157  10:50  Marine  
  157  10:52  Marine  
  157  10:53  Marauder  
  157  10:54  Marauder  
  157  10:55  Marauder  
  152  10:58  Marine  
  140  11:08  Marine  
  137  11:14  Marauder  
  137  11:15  Marauder, Widow Mine x2  
  137  11:16  Medivac, Marauder  
  138  11:20  Liberator  
  136  11:35  Marauder  
  136  11:37  Marauder  
  136  11:38  Marauder  
  143  11:52  Marine  
  143  11:57  Marauder  
  143  11:58  Marauder  
  143  11:59  Marauder  
  121  12:18  Marauder  
  121  12:19  Marauder  
Show
View Real Time Build Order
Export as new Build Order

llllllllllll Protoss 

Build Orders: Oracle Opening 

Get SALT Encoding   

  12  0:00  Probe (Chrono Boost)  
  13  0:11  Probe (Chrono Boost)  
  14  0:18  Pylon  
  14  0:21  Probe (Chrono Boost)  
  15  0:36  Gateway, Probe (Chrono Boost)  
  16  0:46  Probe (Chrono Boost)  
  16  0:48  Assimilator  
  17  0:53  Assimilator  
  17  0:57  Probe (Chrono Boost)  
  17  1:01  Pylon  
  18  1:08  Probe (Chrono Boost)  
  20  1:18  Probe (Chrono Boost)  
  20  1:23  Cybernetics Core  
  20  1:29  Probe (Chrono Boost)  
  21  1:39  Probe (Chrono Boost)  
  22  1:50  Probe (Chrono Boost)  
  23  2:01  Nexus  
  23  2:10  Pylon  
  23  2:13  Mothership Core (Chrono Boost)  
  25  2:23  Warp Gate  
  25  2:29  Stargate  
  25  2:34  Pylon  
  24  2:37  Probe (Chrono Boost)  
  24  2:43  Stalker  
  27  2:48  Probe (Chrono Boost)  
  29  2:58  Probe (Chrono Boost)  
  29  3:09  Probe (Chrono Boost)  
  29  3:12  Probe (Chrono Boost)  
  30  3:16  Oracle (Chrono Boost)  
  30  3:19  Probe  
  35  3:22  Probe  
  36  3:31  Probe  
  36  3:33  Probe  
  37  3:37  Pylon  
  38  3:41  Robotics Facility  
  38  3:43  Probe x2  
  40  3:54  Probe  
  41  3:56  Probe  
  42  4:04  Oracle (Chrono Boost), Probe  
  42  4:08  Probe  
  47  4:10  Assimilator  
  47  4:11  Adept, Pylon  
  47  4:14  Assimilator  
  47  4:15  Probe  
  50  4:20  Probe  
  51  4:25  Probe  
  52  4:32  Probe  
  52  4:34  Pylon  
  52  4:36  Probe  
  52  4:37  Oracle (Chrono Boost)  
  57  4:44  Probe  
  58  4:46  Probe  
  58  4:50  Gateway x2  
  59  4:56  Probe  
  59  4:57  Probe  
  61  5:00  Adept, Immortal  
  67  5:07  Probe  
  67  5:08  Probe  
  66  5:18  Probe  
  67  5:27  Nexus, Pylon  
  67  5:31  Probe  
  67  5:34  Probe  
  67  5:35  Robotics Bay  
  68  5:36  Pylon  
  69  5:48  Immortal (Chrono Boost)  
  73  5:59  Pylon  
  73  6:01  Adept  
  73  6:02  Adept x2, Pylon  
  79  6:04  Gateway, Pylon  
  79  6:26  Colossus (Chrono Boost)  
  79  6:28  Extended Thermal Lance  
  79  6:29  Adept x3  
  91  6:47  Probe  
  92  6:52  Adept x2  
  92  6:53  Adept  
  98  6:55  Probe  
  98  6:58  Gateway, Probe  
  98  6:59  Probe  
  98  7:00  Gateway  
  101  7:02  Gateway  
  101  7:06  Probe  
  101  7:07  Assimilator  
  102  7:09  Twilight Council  
  102  7:12  Probe  
  102  7:14  Assimilator  
  102  7:15  Sentry x3  
  109  7:27  Colossus (Chrono Boost)  
  115  7:30  Zealot  
  117  7:44  Stalker  
  117  7:45  Stalker x2  
  117  7:46  Probe  
  117  7:47  Probe  
  125  7:56  Forge x2  
  125  7:57  Pylon  
  125  8:02  Pylon  
  125  8:04  Pylon x2  
  125  8:05  Pylon  
  125  8:14  Probe  
  125  8:15  Colossus (Chrono Boost)  
  125  8:19  Void Ray (Chrono Boost)  
  132  8:21  Stalker x2  
  132  8:23  Probe  
  132  8:25  Blink (Chrono Boost)  
  141  8:29  Adept  
  143  8:43  Stalker x4  
  148  8:50  Photon Cannon  
  148  8:57  Void Ray (Chrono Boost)  
  148  8:59  Protoss Ground Weapons Level 1 (Chrono Boost)  
  152  9:10  Protoss Ground Armor Level 1 (Chrono Boost)  
  152  9:18  Probe  
  152  9:21  Stalker x2  
  152  9:22  Stalker x2  
  157  9:27  Probe  
  155  9:46  Zealot x2  
  155  9:47  Zealot x2  
  155  9:51  Zealot x3  
  138  10:12  Nexus, Stalker x4  
  138  10:13  Stalker  
  148  10:14  Pylon  
  148  10:15  Probe  
  147  10:21  Photon Cannon  
  147  10:23  Pylon  
  147  10:25  Observer  
  142  10:30  Stalker  
  140  10:35  Zealot  
  140  10:37  Adept  
  136  10:43  Probe x2  
  136  10:44  Probe  
  136  10:46  Observer  
  118  11:08  Probe  
  117  11:12  Stalker x3  
  117  11:13  Stalker  
  117  11:14  Probe  
  117  11:18  Probe  
  125  11:27  Probe  
  125  11:29  Probe  
  127  11:35  Probe  
  127  11:37  Probe  
  124  11:40  Adept x2  
  124  11:45  Stalker  
  124  11:46  Zealot  
  132  11:49  Adept  
  121  12:08  Stalker  
  121  12:09  Stalker x2, Mothership Core  
  121  12:10  Stalker  
Tags
 
Add a new tag
Caveats
  • Supply blocks, unpowered buildings, or Contaminate may cause inaccurate times.
  • Supply counts are checked every 10 seconds.